 Dungeon Crawl Stone Soup version 0.20-a0-1048-gd0c4d64 (webtiles) character file.

16 AlphabetPasta the Caller (level 2, -1/21 HPs)
             Began as a Gnoll Summoner on Apr 24, 2017.
             Slain by a jackal (2 damage)
             ... on level 1 of the Dungeon.
             The game lasted 00:02:55 (436 turns).

AlphabetPasta the Caller (Gnoll Summoner)            Turns: 436, Time: 00:02:57

Health: -1/21      AC:  2    Str:  7    XL:     2   Next: 54%
Magic:  5/6        EV: 13    Int: 15    God:
Gold:   32         SH:  0    Dex: 14    Spells: 5/8 levels left

rFire    . . .     SeeInvis .   g - +0 club
rCold    . . .     Gourm    .   (no shield)
rNeg     . . .     Faith    .   a - +0 robe
rPois    .         Spirit   .   (no helmet)
rElec    .         Reflect  .   (no cloak)
rCorr    .         Harm     .   (no gloves)
MR       .....                  (no boots)
Stlth    ++........             (no amulet)
Regen    0.1/turn               (no ring)
MPRegen  0.1/turn               (no ring)

@: no status effects
A: short attention span, fangs 1, strong nose
a: no special abilities


You were on level 1 of the Dungeon.
You were not hungry.

You visited 1 branch of the dungeon, and saw 1 of its levels.

You collected 32 gold pieces.

Inventory:

Hand Weapons
 e - a +0 dagger
 g - a +0 club (weapon)
Armour
 a - a +0 robe (worn)
Scrolls
 d - a scroll of teleportation {unknown}
 f - a scroll of noise {unknown}
 h - a scroll of identify {unknown}
 i - 2 scrolls of magic mapping {unknown}
Books
 b - a book of Callings

   Spells                             Type                      Level
   a - Summon Small Mammal            Summoning                    1
   b - Call Imp                       Summoning                    2
   c - Call Canine Familiar           Summoning                    3
   d - Summon Guardian Golem          Hexes/Summoning              3
   e - Summon Lightning Spire         Summoning/Air                4
   f - Summon Ice Beast               Ice/Summoning                4
Comestibles
 c - a bread ration
 j - 2 chunks of flesh


   Skills:
 + Level 1.1 Fighting
 - Level 3.0 Dodging
 - Level 2.6 Stealth
 + Level 3.7 Spellcasting
 * Level 6.3 Summonings


You had 5 spell levels left.
You knew the following spells:

 Your Spells              Type           Power        Failure   Level  Hunger
a - Summon Small Mammal   Summ           ###.         1%          1    None
b - Call Imp              Summ           ###.....     1%          2    ##.....


Dungeon Overview and Level Annotations

Branches:
Dungeon (1/15)

Altars:


Innate Abilities, Weirdness & Mutations

You have a short attention span.
You have very sharp teeth.
Your uncanny sense of smell can sniff out nearby items.


Message History

You miss the jackal.
The jackal is almost dead.
The jackal misses your quokka.
Your rat bites the jackal.
Your quokka bites the jackal.
The jackal dies!
You aren't carrying any potions.
Your quokka bites the jackal.
The jackal bites you.
* * * LOW HITPOINT WARNING * * *
Your quokka barely misses the jackal.
The jackal bites your rat.
Your rat dies!
Your rat's corpse disappears in a puff of smoke!
The jackal closely misses your quokka.
You hit the jackal but do no damage. You bite the jackal, but do no damage.
The jackal is severely wounded.
The jackal barely misses your quokka. The jackal misses you.
Your quokka closely misses the jackal.
The jackal completely misses your quokka.
The jackal bites you.
You die...

## ##.#.##.# #
#.###.# ##
##.#.##.# .#
#.###.#.# .###
###.####..###
...###.........'.#
.##.#.##.####.##.#
.###.###.###.###.#
.##.#.##.##.## #@#
.#.###.#.#.#####h#
..#####...###..§r#
.........## #.h.h#
'#######'# #..h##
.# #.#.# ##†##
######...# #(#
.......#######†#
#...............


You could see 4 jackals and a friendly quokka.

Vanquished Creatures
  An ooze (D:1)
  A giant cockroach (D:1)
  A goblin (D:1)
  2 jackals (D:1)
  A kobold (D:1)
  A rat (D:1)
7 creatures vanquished.

Vanquished Creatures (collateral kills)
  A dart slug (D:1)
  A goblin (D:1)
  2 jackals (D:1)
  2 rats (D:1)
6 creatures vanquished.

Grand Total: 13 creatures vanquished

Notes
Turn   | Place    | Note
-------+----------+-------------------------------------------
     0 | D:1      | AlphabetPasta the Gnoll Summoner began the quest for the Orb.
     0 | D:1      | Reached XP level 1. HP: 13/13 MP: 4/4
   291 | D:1      | Reached skill level 6 in Summonings
   291 | D:1      | Reached XP level 2. HP: 17/20 MP: 0/6
   295 | D:1      | Learned a level 2 spell: Call Imp
   304 | D:1      | Reached skill level 1 in Fighting
   434 | D:1      | HP: 1/21 [jackal (3)]
   436 | D:1      | Slain by a jackal

Vault maps used:
D:1:      roderic_octagonal_star

Skill      XL: |  1  2 |
---------------+-------+-----
Summonings     | 6 |  6.3
Fighting       | 1 |  1.1
Dodging        | |  3.0
Stealth        | |  2.6
Spellcasting   | |  3.7

Action                   || total
-------------------------++-------
Melee: Dagger            ||    14
       Club              ||    32
       Bite              ||     6
 Cast: Summon Small Mamm ||    10
 Stab: Distracted        ||     1
       Sleeping          ||     1
Armor: Robe              ||     8
Dodge: Dodged            ||    17
